 Dungeon Crawl Stone Soup version 0.17.1-2-g5865329 (webtiles) character file.

91 Ratboiler the Sneak (level 4, 28/28 HPs)
             Began as a Kobold Ice Elementalist on Feb 8, 2016.
             Was a Follower of Fedhas.
             Quit the game on level 3 of the Dungeon.
             The game lasted 00:15:04 (2880 turns).

Ratboiler the Sneak (Kobold Ice Elementalist)       Turns: 2880, Time: 00:15:04

Health: 28/28      AC:  9    Str:  7    XL:     4   Next: 87%
Magic:  7/7        EV: 12    Int: 13    God:    Fedhas [*.....]
Gold:   90         SH:  0    Dex: 16    Spells: 2 memorised, 4 levels left

rFire  . . .     SeeInvis .     a - +0 club
rCold  . . .     Clarity  .     A - +0 ring mail
rNeg   . . .     SustAt   .     (shield restricted)
rPois  .         Gourm    .     w - +2 helmet
rElec  .         Spirit   .     m - +0 cloak
rCorr  .         Warding  .     (no gloves)
rMut   .         Stasis   .     (no boots)
MR     .....                    (no amulet)
Stlth  ++........               (no ring)
                                (no ring)

@: not resistant to hostile enchantments, unstealthy
A: carnivore 3
a: Evolution, Renounce Religion


You were on level 3 of the Dungeon.
You worshipped Fedhas.
Fedhas was aware of your devotion.
You were full.

You visited 1 branch of the dungeon, and saw 3 of its levels.

You collected 90 gold pieces.

Inventory:

Hand Weapons
 a - a +0 club (weapon)
 b - a +0 hunting sling
 u - a +0 war axe
Missiles
 f - 115 stones
 h - 26 arrows
 n - 11 sling bullets
 p - 15 poisoned needles
 t - 19 silver bolts
 E - 3 tomahawks (quivered)
Armour
 d - a +0 chain mail
 e - a +0 leather armour
 m - a +0 cloak (worn)
 o - a +0 robe
 w - a +2 helmet (worn)
 A - a +0 ring mail (worn)
Jewellery
 q - an uncursed ring of flight {unknown}
 z - an uncursed ring of protection from fire {unknown}
Scrolls
 g - a scroll of noise
 k - a scroll of teleportation
 r - a scroll of enchant armour
 v - 2 scrolls of fog {unknown}
 y - a scroll of enchant weapon {unknown}
 D - a scroll of blinking {unknown}
Potions
 i - a potion of curing {unknown}
 l - 2 potions of might
 x - a potion of invisibility {unknown}
 B - 2 potions of flight {unknown}
 C - a potion of degeneration {unknown}
Books
 s - a book of Frost

   Spells                             Type                      Level
   a - Freeze                         Ice                          1
   b - Throw Frost                    Conjuration/Ice              2
   c - Ozocubu's Armour               Charms/Ice                   3
   d - Throw Icicle                   Conjuration/Ice              4
   e - Summon Ice Beast               Ice/Summoning                4
   f - Condensation Shield            Ice                          4
Comestibles
 c - 2 meat rations
 j - a beef jerky


   Skills:
 + Level 3.4 Fighting
 * Level 1.0 Axes
 - Level 2.4 Dodging
 + Level 3.9 Stealth
 - Level 2.0 Spellcasting
 - Level 0.8 Conjurations
 - Level 3.0 Ice Magic


You had 4 spell levels left.
You knew the following spells:

 Your Spells              Type           Power        Failure   Level  Hunger
a - Freeze                Ice            #...         28%         1    ##.....
b - Throw Frost           Conj/Ice       #.....       75%         2    ###....


Dungeon Overview and Level Annotations

Branches:
Dungeon (3/15)

Altars:
Fedhas


Innate Abilities, Weirdness & Mutations

You are small and have problems with some larger weapons.
You are carnivorous and can eat meat at any time.


Message History

Found a stone staircase leading down and a stone staircase leading up.
You now have 90 gold pieces (gained 8).
HP restored.
c - 2 meat rations (gained 1)
Found a faded altar to an unknown god.
E - 2 tomahawks
v - 2 scrolls labeled UPATHI AVIAFU (gained 1)
Found a stone staircase leading up.
f - 115 stones (gained 2);
E - 3 tomahawks (gained 1)
You see here a jackal corpse.
There is a faded altar to an unknown god here.
This altar will convert you to a god.
You cannot discern which.
Do you pray?
Okay, then.
This altar will convert you to a god.
You cannot discern which.
Do you pray? Fedhas accepts your prayer! Fedhas welcomes you!
The plants of the dungeon cease their hostilities.
You can now pray to speed up the decay of corpses.
You can now induce evolution.
Are you sure you want to abandon this character and quit the game? (Confirm with "yes".)

▒▒▒▒▒▒▒ ··▒ ▒·····▒
▒ ····▒<····▒ ▒▒▒·
···▒·····▒▒···
·▒··········▒
▒········▒··▒
▒·▒▒····▒@▒ ▒▒
▒·▒▒<····▒···▒ · ▒▒▒
▒···············▒
·▒▒··
▒······▒▒·▒▒▒▒···
····▒▒▒▒···%··▒ ·▒
··
··············▒▒··
··················▒
▒·············▒····
▒··········▒▒▒▒▒····


There were no monsters in sight!

Vanquished Creatures
  Robin (D:2)
  2 adders (D:2)
  An ooze (D:1)
  6 bats (D:2)
  6 hobgoblins
  7 kobolds
  2 quokkas (D:2)
  3 giant geckos
  4 giant newts
  18 goblins
  4 jackals (D:3)
  4 rats
58 creatures vanquished.

Notes
Turn   | Place    | Note
--------------------------------------------------------------
     0 | D:1      | Ratboiler the Kobold Ice Elementalist began the quest for the Orb.
     0 | D:1      | Reached XP level 1. HP: 10/10 MP: 3/3
   222 | D:1      | Reached skill level 1 in Fighting
   268 | D:1      | Reached XP level 2. HP: 16/16 MP: 3/5
   428 | D:1      | Learned a level 2 spell: Throw Frost
   841 | D:1      | Reached XP level 3. HP: 22/22 MP: 6/6
  1165 | D:2      | Noticed Robin
  1223 | D:2      | Killed Robin
  1228 | D:2      | Reached XP level 4. HP: 15/28 MP: 1/7
  2561 | D:2      | Reached skill level 1 in Axes
  2814 | D:3      | Found a blossoming altar of Fedhas.
  2866 | D:3      | Found a faded altar to an unknown god.
  2880 | D:3      | Became a worshipper of Fedhas Madash
  2880 | D:3      | Reached * piety under Fedhas
  2880 | D:3      | Quit the game

Action                   |  1- 3 |  4- 6 || total
-------------------------+-------+-------++-------
Melee: Unarmed           |    10 |       ||    10
       Club              |       |    72 ||    72
 Fire: Hunting sling     |    31 |     7 ||    38
Throw: Stone             |    12 |     3 ||    15
       Tomahawk          |    16 |     6 ||    22
 Cast: Freeze            |    17 |    17 ||    34
       Throw Frost       |     4 |       ||     4
  Use: Scroll            |       |     4 ||     4
       Potion            |       |     1 ||     1
 Stab: Sleeping          |     1 |     6 ||     7
  Eat: Chunk             |     4 |     9 ||    13
